 Dungeon Crawl Stone Soup version 0.26.0-10-g1f06aea511 (webtiles) character file.

Game seed: 6851208252215969968

17619 MajorAdolf the Covert (level 12, 48/48 HPs)
             Began as a Felid Venom Mage on Jan 19, 2021.
             Was an Initiate of Gozag.
             Quit the game on level 14 of the Dungeon.
             The game lasted 01:03:31 (26398 turns).

MajorAdolf the Covert (Felid Venom Mage)           Turns: 26398, Time: 01:03:32

Health: 48/48      AC:  7    Str:  4    XL:     12   Next: 20%
Magic:  22/22      EV: 27    Int: 22    God:    Gozag
Gold:   1384       SH:  0    Dex: 22    Spells: 4/24 levels left
                                        Lives:  1   Deaths: 1

rFire    . . .     SeeInvis +     - Unarmed
rCold    + . .     Faith    .   (shield unavailable)
rNeg     . . .     Spirit   .   (armour unavailable)
rPois    .         Reflect  .   (helmet unavailable)
rElec    .         Harm     .   (cloak unavailable)
rCorr    .         Rampage  .   (gloves unavailable)
Will     +....                  (boots unavailable)
Stlth    +++++.....             B - amulet of magic regeneration
HPRegen  0.16/turn              n - +6 ring of dexterity
MPRegen  0.43/turn              w - +4 ring of protection

@: quick
A: very small, no armour, no weapons or thrown items, stealth, claws 1, fangs 3,
see invisible, speed 1, shaggy fur 3, sharp paws
a: Renounce Religion, Potion Petition, Call Merchant, Bribe Branch


You were on level 14 of the Dungeon.
You worshipped Gozag.
Gozag was most pleased with you.
You visited 2 branches of the dungeon, and saw 15 of its levels.
You also visited: Bailey.

You collected 2632 gold pieces.
You spent 140 gold pieces at shops.
You paid 1108 gold pieces to Gozag.

Inventory:

Jewellery
 n - a +6 ring of dexterity (left paw)
 w - a +4 ring of protection (right paw)
 B - an amulet of magic regeneration (around neck)
 N - a cursed -4 ring of slaying {unknown}
Wands
 b - a wand of enslavement (10)
 i - a wand of polymorph (15)
 s - a wand of acid (17)
 v - a wand of paralysis (23)
 E - a wand of digging (5)
 I - a wand of iceblast (6)
Scrolls
 a - 4 scrolls of identify
 c - 9 scrolls of remove curse
 o - 2 scrolls of fog {unknown}
 p - 2 scrolls of noise {unknown}
 q - 4 scrolls of enchant armour {unknown}
 r - 2 scrolls of immolation {unknown}
 y - 2 scrolls of blinking {unknown}
 C - 2 scrolls of enchant weapon {unknown}
 D - 3 scrolls of vulnerability {unknown}
 G - a scroll of amnesia
 H - a scroll of brand weapon {unknown}
 L - a scroll of holy word {unknown}
 M - a scroll of fear {unknown}
Potions
 d - 2 potions of magic
 e - 4 potions of mutation
 f - 7 potions of cancellation
 g - 2 potions of degeneration
 h - a potion of attraction {unknown}
 k - 3 potions of flight
 l - a potion of brilliance {unknown}
 m - 3 potions of haste {unknown}
 u - 5 potions of curing
 x - 3 potions of lignification {unknown}
 z - 2 potions of ambrosia {unknown}
 F - 2 potions of berserk rage {unknown}
 K - a potion of might {unknown}
Miscellaneous
 j - a tin of tremorstones (1/2)
 J - a phantom mirror


   Skills:
 - Level 2.9 Fighting
 - Level 9.1 Dodging
 - Level 9.5 Stealth
 - Level 1.2 Unarmed Combat
 - Level 6.5 Spellcasting
 - Level 7.3 Conjurations
 + Level 7.4 Transmutations
 - Level 7.4 Fire Magic
 - Level 1.9 Ice Magic
 - Level 5.5 Air Magic
 - Level 9.2 Poison Magic
 - Level 9.3 Evocations


You had 4 spell levels left.
You knew the following spells:

 Your Spells              Type           Power        Failure   Level
a - Sticky Flame          Conj/Fire      39%          4%          4
b - Poisonous Vapours     Pois/Air       78%          1%          2
c - Mephitic Cloud        Conj/Pois/Air  39%          1%          3
d - Ignite Poison         Fire/Tmut/Pois 42%          1%          3
e - Olgreb's Toxic Radia  Pois           47%          1%          4
f - Ice Form              Ice/Tmut       27%          13%         4

Your spell library contained the following spells:

 Spells                   Type           Power        Failure   Level
 Foxfire                  Conj/Fire      100%         1%          1
 Magic Dart               Conj           100%         1%          1
 Shock                    Conj/Air       100%         1%          1
 Sting                    Tmut/Pois      100%         1%          1
 Swiftness                Air            31%          1%          2
 Conjure Flame            Conj/Fire      39%          1%          3
 Static Discharge         Conj/Air       35%          1%          3
 Inner Flame              Hex/Fire       23%          6%          3
 Animate Skeleton         Necr           14%          9%          1
 Apportation              Tloc           14%          9%          1
 Corona                   Hex            7%           9%          1
 Summon Small Mammal      Summ           28%          9%          1
 Airstrike                Air            15%          9%          4
 Blink                    Tloc           N/A          13%         2
 Call Imp                 Summ           7%           13%         2
 Slow                     Hex            7%           13%         2
 Cause Fear               Hex            3%           65%         4
 Leda's Liquefaction      Hex/Erth       3%           65%         4
 Fireball                 Conj/Fire      19%          12%         5
 Irradiate                Conj/Tmut      19%          12%         5
 Lightning Bolt           Conj/Air       17%          17%         5
 Hydra Form               Tmut           19%          54%         6
 Metabolic Englaciation   Hex/Ice        5%           85%         5
 Freezing Cloud           Conj/Ice/Air   14%          87%         6
 Statue Form              Tmut/Erth      15%          96%         6
 Dragon Form              Tmut           19%          98%         7
 Ozocubu's Refrigeration  Ice            7%           99%         6
 Simulacrum               Ice/Necr       5%           100%        6
 Portal Projectile        Hex/Tloc       Unusable     N/A         3

Dungeon Overview and Level Annotations

Branches:
Dungeon (14/15)            Temple (1/1) D:4            Lair (0/6) D:10
    Orc (0/2) D:12         Vaults (0/5) D:13         Bailey (visited)

Altars:
Ashenzari
Cheibriados
Dithmenos
Elyvilon
Fedhas
Gozag
Hepliaklqana
Kikubaaqudgha
Makhleb
Nemelex Xobeh
Okawaru
Qazlal
Ru
Sif Muna
Trog
Uskayaw
Vehumet
Wu Jian
Xom
Yredelemnul
Zin
The Shining One
Beogh

Shops:
D:5 *   D:9 }   D:13 :   D:14 :

Portals:
Abyss: D:5

Annotations:
D:2 exclusion: door
D:5 2 transporters, MajorAdolf's ghost, amateur NaWn


Innate Abilities, Weirdness & Mutations

You cannot wear armour.
You are incapable of wielding weapons or throwing items.
Your paws allow you to move quietly. (Stealth)
You have sharp claws.
You have razor-sharp teeth.
You have supernaturally acute eyesight. (SInv)
You cover ground quickly.
Your thick and shaggy fur keeps you warm. (AC +3, rC+)
Your sharp claws are effective at attacking unaware monsters.


Message History

A centaur warrior skeleton comes into view.
The wolf spider zombie is engulfed in blazing flames.
The centaur warrior skeleton completely misses you.
The wolf spider zombie misses you. x2
The wolf spider zombie closely misses you.
The wolf spider zombie bites you!
* * * LOW HITPOINT WARNING * * *
The centaur warrior skeleton misses you.
Okay, then.
As you read the scroll of teleportation, it crumbles to dust.
You feel strangely unstable. The wolf spider zombie misses you.
The wolf spider zombie bites you!
You die...
The wolf spider zombie hits you!
The wolf spider zombie completely misses you.
You are now level 12!
You rejoin the land of the living...
Found 11 gold pieces and 3 scrolls labelled PEUCRO SIONKE.
Found a stone staircase leading up.
Are you sure you want to abandon this character and quit the game? (Confirm with "yes".)

#.#. .###
.#
#######.#
#@.......
#........
#$.......
#.......?
#........
#.....<..
#........
####....#


There were no monsters in sight!

Vanquished Creatures
  An ettin (shapeshifter) (D:10)
  Harold (D:7)
  A boulder beetle (D:11)
  3 vault guards (D:13)
  A hydra (D:12)
  3 death knights (D:12)
  6 two-headed ogres
  2 centaur warriors (D:13)
  An unseen horror (shapeshifter) (D:13)
  3 orc knights
  A deep elf mage (D:12)
  2 ugly things (D:11)
  2 cyclopes
  A manticore (D:11)
  A gargoyle (D:10)
  A centaur skeleton (D:11)
  A freezing wraith (D:12)
  A komodo dragon (D:10)
  3 trolls
  A hornet (D:11)
  5 slime creatures (D:12)
  A shadow (D:13)
  2 wyverns
  17 yaks
  A basilisk (D:11)
  A wraith (D:12)
  9 humans (D:13)
  An acid dragon (D:11)
  9 orc warriors
  3 black bears
  5 sky beasts
  An eye of draining (D:9)
  11 ogres
  4 phantoms
  5 centaurs
  2 big kobolds
  Blork the orc (D:5)
  11 bullfrogs
  A gnoll sergeant (D:12)
  A wyvern skeleton (D:12)
  A scorpion (D:8)
  A water moccasin skeleton (D:5)
  8 killer bees (D:12)
  10 wights
  An electric eel (D:7)
  6 howler monkeys
  A quasit (D:8)
  2 jellies
  Crazy Yiuf (D:7)
  A gnoll shaman (D:7)
  4 hounds
  8 orc priests
  10 orc wizards
  A bullfrog skeleton (D:13)
  3 iguanas
  10 worker ants
  A hell rat (D:6)
  A hound zombie (D:6)
  3 hound skeletons
  16 gnolls
  15 adders
  6 river rats (D:6)
  A white imp (D:9)
  An ooze (D:3)
  An adder zombie (D:6)
  4 adder skeletons
  3 worms
  4 dart slugs
  8 leopard geckos
  59 orcs
  3 bats
  6 giant cockroaches
  6 goblins
  15 hobgoblins
  4 quokkas
  A ball python (D:3)
  5 frilled lizards
  40 kobolds
  20 rats
418 creatures vanquished.

Vanquished Creatures (others)
  A human (D:5)
  9 fungi (D:2)
  61 plants
  8 toadstools (D:2)
79 creatures vanquished.

Grand Total: 497 creatures vanquished

Notes
Turn   | Place    | Note
-------+----------+-------------------------------------------
     0 | D:1      | MajorAdolf the Felid Venom Mage began the quest for the
                  | Orb.
     0 | D:1      | Reached XP level 1. HP: 7/7 MP: 4/4
    95 | D:1      | Reached XP level 2. HP: 11/11 MP: 4/6
   417 | D:1      | Learned a level 2 spell: Poisonous Vapours
   848 | D:1      | Reached XP level 3. HP: 14/14 MP: 1/7
  1495 | D:2      | Noticed an ogre
  2091 | D:2      | Reached XP level 4. HP: 12/18 MP: 3/8
  2264 | D:2      | Killed an ogre
  2265 | D:2      | Reached XP level 5. HP: 21/21 MP: 0/10
  3737 | D:2      | Found a faded altar of an unknown god.
  3854 | D:2      | Learned a level 3 spell: Mephitic Cloud
  3858 | D:2      | Learned a level 3 spell: Ignite Poison
  4389 | D:3      | Found a snail-covered altar of Cheibriados.
  4965 | D:4      | Gained mutation: You are covered in thick fur. (AC +2)
                  | [Felid growth]
  4965 | D:4      | Reached XP level 6. HP: 24/24 MP: 6/11
  5463 | D:4      | Found a staircase to the Ecumenical Temple.
  5476 | D:4      | Reached skill level 1 in Conjurations
  5529 | D:4      | Reached skill level 1 in Fire Magic
  5681 | D:4      | Reached skill level 1 in Air Magic
  6579 | D:4      | Reached XP level 7. HP: 27/27 MP: 6/12
  7175 | D:5      | Entered Level 5 of the Dungeon
  7656 | D:5      | Reached skill level 1 in Evocations
  8073 | D:5      | Found Neduqua's General Store.
  8445 | D:5      | Found a transporter.
  8452 | D:5      | Found a one-way gate to the infinite horrors of the Abyss.
  8452 | D:5      | Noticed MajorAdolf's ghost (amateur NaWn)
  8778 | D:5      | Noticed Blork the orc
  8793 | D:5      | Killed Blork the orc
  8794 | D:5      | Reached skill level 5 in Stealth
  8954 | D:5      | Found an ancient bone altar of Kikubaaqudgha.
  8958 | D:5      | Noticed a human
  8960 | D:5      | Killed a human
  8999 | D:5      | Found a transporter.
 10346 | D:6      | Reached skill level 5 in Dodging
 10900 | D:6      | Reached XP level 8. HP: 31/31 MP: 4/14
 12048 | D:6      | Found the +2 ratskin cloak {*Rats rPois rN+ Str-1 Int-1
                  | Dex+1}
 12277 | D:7      | Reached skill level 5 in Poison Magic
 12359 | D:7      | Noticed Harold
 12382 | D:7      | Killed Harold
 12383 | D:7      | Reached XP level 9. HP: 17/34 MP: 4/16
 13366 | D:7      | Learned a level 4 spell: Olgreb's Toxic Radiance
 13503 | D:7      | Found a runed translucent door.
 13504 | D:7      | Noticed Crazy Yiuf
 14292 | D:7      | Killed Crazy Yiuf
 14362 | D:8      | Learned a level 4 spell: Sticky Flame
 14462 | D:8      | Reached skill level 5 in Evocations
 14663 | D:8      | Found a flagged portal.
 14702 | Bailey   | Entered a bailey
 14961 | Bailey   | Noticed an orc knight
 14961 | Bailey   | Noticed an orc knight
 14965 | Bailey   | Killed an orc knight
 14966 | Bailey   | Reached skill level 5 in Transmutations
 14970 | Bailey   | Killed an orc knight
 14971 | Bailey   | Reached XP level 10. HP: 37/37 MP: 0/18
 15540 | D:8      | Found a snail-covered altar of Cheibriados.
 16206 | D:9      | Found Lerch's Gadget Shop.
 16246 | D:9      | Reached skill level 5 in Spellcasting
 16665 | D:9      | Noticed a two-headed ogre
 16670 | D:9      | Killed a two-headed ogre
 17557 | D:10     | Entered Level 10 of the Dungeon
 17612 | D:10     | Noticed a two-headed ogre
 17646 | D:10     | Killed a two-headed ogre
 17647 | D:10     | Reached skill level 5 in Conjurations
 17647 | D:10     | Reached skill level 5 in Fire Magic
 17647 | D:10     | Reached XP level 11. HP: 35/40 MP: 8/19
 18002 | D:10     | Noticed an ettin
 18013 | D:10     | Killed an ettin
 18668 | D:10     | Found a staircase to the Lair.
 18918 | D:11     | Noticed a red ugly thing
 19160 | D:11     | Noticed a two-headed ogre
 19317 | Temple   | Entered the Ecumenical Temple
 19618 | Temple   | Became a worshipper of Gozag Ym Sagoz the Greedy
 19764 | D:9      | Bought a wand of iceblast (6) for 140 gold pieces
 19904 | D:11     | Killed a red ugly thing
 20381 | D:11     | Killed a two-headed ogre
 21411 | D:11     | Noticed a two-headed ogre
 21416 | D:11     | Killed a two-headed ogre
 21765 | D:11     | Noticed a boulder beetle
 21796 | D:11     | Killed a boulder beetle
 21797 | D:11     | Gained mutation: Your thick and shaggy fur keeps you warm.
                  | (AC +3, rC+) [Felid growth]
 21797 | D:11     | Reached XP level 12. HP: 43/45 MP: 5/21
 21894 | D:11     | Noticed a two-headed ogre
 21900 | D:11     | Killed a two-headed ogre
 22019 | D:11     | Reached skill level 1 in Fighting
 22045 | D:11     | Reached skill level 5 in Air Magic
 22549 | D:12     | Found a staircase to the Orcish Mines.
 22556 | D:12     | Found a roughly hewn altar of Beogh.
 22660 | D:12     | Noticed a six-headed hydra
 22674 | D:12     | Killed a six-headed hydra
 23034 | D:12     | Learned a level 4 spell: Ice Form
 23202 | D:12     | Noticed a two-headed ogre
 23207 | D:12     | Killed a two-headed ogre
 23892 | D:12     | Noticed a death knight
 24118 | D:12     | Killed a death knight
 24294 | D:12     | Noticed a death knight
 24304 | D:12     | Killed a death knight
 24453 | D:12     | Noticed a death knight
 24470 | D:12     | Killed a death knight
 24471 | D:12     | Reached skill level 1 in Ice Magic
 24719 | D:12     | Noticed a death knight
 25590 | D:13     | Noticed a vault guard
 25590 | D:13     | Noticed a vault guard
 25594 | D:13     | Noticed a vault guard
 25595 | D:13     | Killed a vault guard
 25595 | D:13     | Killed a vault guard
 25597 | D:13     | Reached XP level 13. HP: 37/51 MP: 3/23
 25695 | D:13     | Identified the cursed +1 plate armour "Fulule Suqi" {rC+}
 25738 | D:13     | Found a gate to the Vaults.
 25915 | D:13     | Reached skill level 1 in Unarmed Combat
 25975 | D:13     | Noticed a fire dragon
 25981 | D:14     | Found Kuecsex's Book Shop.
 26294 | D:14     | HP: 1/61 [wolf spider zombie (7)]
 26397 | D:14     | Slain by a wolf spider zombie
 26398 | D:14     | Reached XP level 12. HP: -2/48 MP: 22/22
 26398 | D:14     | Quit the game

Illustrated notes

Levels and vault maps discovered:
D:1:      lightli_arrival_isolated_outpost, layout_loops_cross,
          wad_floor_pattern_untrapped
D:2:      cheibrodos_fertilizer, layout_basic, chequers_ecumenical_altar_island,
          nrook_campfire, ebering_dispersal_statue_hall
D:3:      layout_basic, cheibriados_altar_1
D:4:      layout_loops_ring, minmay_temple_entry_statues_pillars,
          nicolae_zen_rock_garden
D:5:      layout_cave_pools, gammafunk_ghost_abyssal_escape, serial_shops, shop,
          serial_bayou_lagoon_a, tgw_kikubaaqudgha, uniq_blork_the_orc
D:6:      wander_guarded_unrand_ratskin, layout_loops_ring
D:7:      layout_loops_ring, serial_glass, glass_columns_b, glass_columns_b,
          kennysheep_generic_room_4, uniq_harold, uniq_crazy_yiuf_cottage
D:8:      layout_loops_cross, lemuel_round_altar, enter_bailey_6
D:9:      layout_layer_cave, serial_shops,
          nicolae_shop_temple_entry_statues_fountains
D:10:     layout_gridville, david_lair_shrubbed, minmay_misc_feat_room
D:11:     layout_layer_cave, nzn_random_ring
D:12:     cheibrodos_tormentor_scu, layout_long_grid,
          minmay_orc_entry_temple_small, special_room [special_room_orc]
D:13:     minmay_the_grid_3x2 [minmay_the_grid_gridbox, minmay_the_grid_slots,
          minmay_the_grid_embedded, minmay_the_grid_large_cup,
          minmay_the_grid_paths, minmay_the_grid_prize_trominoes], layout_rooms,
          ximxim_vaults_locker_room, serial_shops, nicolae_shop_crystal,
          nicolae_shop_crystal, kennysheep_mini, kennysheep_mini_moat
D:14:     layout_roguey, serial_shops, shop_coins, hex_intersection
Temple:   regret_index_temple_sigil_plot

Skill      XL: |  1  2  3  4  5  6  7  8  9 10 11 12 13 |
---------------+----------------------------------------+-----
Dodging        | 3 4 5 6 7 8 9 |  9.1
Stealth        | 3 4 5 6 7 8 9 |  9.5
Poison Magic   | 3 4 5 6 7 8 9 |  9.2
Transmutations | 2 3 4 5 6 7 |  7.4
Spellcasting   | 3 4 5 6 |  6.5
Conjurations   | 1 2 3 5 6 7 |  7.3
Fire Magic     | 1 2 3 5 6 7 |  7.4
Air Magic      | 1 2 3 4 5 |  5.5
Evocations     | 2 4 5 6 8 9 |  9.3
Fighting       | 2 |  2.9
Ice Magic      | 1 |  1.9
Unarmed Combat | 1 |  1.2

Action                   |  1- 3 |  4- 6 |  7- 9 | 10-12 | 13-15 || total
-------------------------+-------+-------+-------+-------+-------++-------
Melee: Unarmed           |    14 |    53 |   110 |   114 |    16 ||   307
       Bite              |       |     4 |     6 |    16 |     1 ||    27
 Cast: Sting             |    12 |     7 |     2 |       |       ||    21
       Poisonous Vapours |    32 |    85 |   181 |   178 |     9 ||   485
       Ignite Poison     |       |       |    34 |   136 |    17 ||   187
       Mephitic Cloud    |       |       |    13 |    39 |     1 ||    53
       Olgreb's Toxic Ra |       |       |     2 |    31 |     9 ||    42
       Sticky Flame      |       |       |       |     1 |     2 ||     3
       Ice Form          |       |       |       |     4 |     1 ||     5
Invok: Call Merchant     |       |       |       |     1 |       ||     1
Evoke: Wand              |       |       |     1 |     2 |     2 ||     5
       Tin of tremorston |       |       |       |     1 |     1 ||     2
  Use: Scroll            |       |       |     3 |     8 |     3 ||    14
       Potion            |       |       |       |     2 |     1 ||     3
 Stab: Sleeping          |     1 |       |     2 |       |       ||     3
       Paralysed         |       |       |     2 |       |       ||     2
       Confused          |       |       |       |     2 |       ||     2
       Distracted        |       |       |       |     1 |       ||     1
Armor: Skin              |       |     3 |    13 |    16 |    10 ||    42
Dodge: Dodged            |    29 |    61 |   174 |   171 |    38 ||   473
